 Dungeon Crawl Stone Soup version 0.29-a0-823-gc37b1572da (webtiles) character file.

Game seed: 11089037452212724088

49 ytrimaz the Chopper (level 3, 29/29 HPs)
             Began as a Demonspawn Monk on July 9, 2022.
             Quit the game on level 2 of the Dungeon.
             The game lasted 00:01:23 (821 turns).

ytrimaz the Chopper (Demonspawn Monk)                Turns: 821, Time: 00:01:24

Health: 29/29      AC:  8    Str: 13    XL:     3   Next: 51%
Magic:  3/3        EV:  6    Int: 11    God:
Gold:   67         SH:  0    Dex: 15    Spells: 2/2 levels left

rFire   . . .      SeeInvis .   a - +0 hand axe
rCold   . . .      Faith    .   (no shield)
rNeg    . . .      Spirit   .   i - +0 chain mail
rPois   .          Reflect  .   (no helmet)
rElec   .          Harm     .   (no cloak)
rCorr   .          Rampage  .   (no gloves)
Will    .....                   (no boots)
Stlth   ..........              e - amulet of regeneration
HPRegen 0.89/turn               (no ring)
MPRegen 0.08/turn               (no ring)

@: no status effects
A: hooves 1, demonic magic 1
a: no special abilities


You were on level 2 of the Dungeon.
You visited 1 branch of the dungeon, and saw 2 of its levels.

You collected 67 gold pieces.

Inventory:

Hand Weapons
 a - a +0 hand axe (weapon)
Armour
 b - a +0 robe
 i - a +0 chain mail (worn)
Jewellery
 e - an amulet of regeneration (around neck)
 m - a ring of willpower
Scrolls
 h - a scroll of magic mapping {unknown}
 k - 3 scrolls of immolation {unknown}
 n - a scroll of identify
 o - a scroll of amnesia {unknown}
Potions
 c - 2 potions of ambrosia
 d - a potion of resistance {unknown}
 f - a potion of magic {unknown}
 g - 2 potions of mutation
 j - a potion of heal wounds {unknown}
 l - 2 potions of flight {unknown}


   Skills:
 - Level 3.0 Fighting
 + Level 4.1 Axes
 + Level 0.1 Armour
 - Level 2.6 Dodging
 - Level 1.7 Stealth


You had 2 spell levels left.
You didn't know any spells.
Your spell library contained the following spells:

 Spells                   Type           Power      Damage    Failure   Level
 Frozen Ramparts          Ice            0%         1d2       100%        3
 Ice Form                 Ice/Tmut       0%         N/A       100%        4
 Summon Ice Beast         Ice/Summ       0%         N/A       100%        4


Dungeon Overview and Level Annotations

Branches:
Dungeon (2/15)

Altars:


Innate Abilities, Weirdness & Mutations

You have large cloven feet.
Spells you cast may paralyse adjacent enemies.


Message History

Natasha stares at you and mumbles some strange words.
You feel yourself slow down.
You miss Natasha.
Natasha is heavily wounded.
Natasha stares at you and mumbles some strange words.
The magic dart hits you but does no damage.
You hit Natasha.
Natasha is severely wounded.
Natasha barely misses you. x2
You hit Natasha. Your kick misses Natasha.
Natasha is almost dead.
Natasha barely misses you. Natasha claws you.
You miss Natasha.
Natasha is almost dead.
Natasha claws you.
You closely miss Natasha. Your kick misses Natasha.
Natasha is almost dead.
Natasha mumbles some strange words.
Natasha barely misses you.
You slash Natasha!
You kill Natasha!
Natasha growls in agony!
The iron imp disappears in a puff of smoke!
Your Axes skill increases to level 4!
You have reached level 3!
Your experience leads to an increase in your attributes!
Increase (S)trength, (I)ntelligence, or (D)exterity?
You feel stronger. x2; Your demonic ancestry asserts itself...
A menacing aura infuses your magic.
Unknown command.
You feel yourself speed up.
Found a dagger.
You see here a +0 dagger.
You now have 67 gold pieces (gained 12).
A dart slug comes into view.
You see here a scroll labelled XOCRE EDGHIOT.
A dart slug is nearby!
A dart slug is nearby!
Unknown command.
Are you sure you want to abandon this character and quit the game? (Confirm with "yes".)

........ #### #.#
........ ...##.#
#######.
####.##.#####.##
.......
................
#######
####..#.#####.##
######..#.###
............###
.#######..........
.w.....@..........#
#
.########.#######.#
# #... # # #..... #
#....... # ........
## ....#### .# ...#
##


You could see a dart slug.

Vanquished Creatures
  Natasha (D:2)
  A dart slug (D:1)
  2 bats (D:1)
  A giant cockroach (D:2)
  A goblin (D:1)
  2 hobgoblins (D:1)
  4 jackals (D:1)
  4 quokkas
  A kobold (D:2)
  3 rats (D:2)
20 creatures vanquished.

Notes
Turn   | Place    | Note
-------+----------+-------------------------------------------
     0 | D:1      | ytrimaz the Demonspawn Monk began the quest for the Orb.
     0 | D:1      | Reached XP level 1. HP: 18/18 MP: 1/1
    88 | D:1      | Reached skill level 3 in Axes
   277 | D:1      | Gained mutation: You have large cloven feet. [demonic
                  | ancestry]
   277 | D:1      | Reached XP level 2. HP: 23/24 MP: 2/2
   414 | D:1      | Found a faded altar of an unknown god.
   731 | D:2      | Noticed Natasha
   742 | D:2      | Killed Natasha
   743 | D:2      | Reached skill level 4 in Axes
   743 | D:2      | Gained mutation: Spells you cast may paralyse adjacent
                  | enemies. [demonic ancestry]
   743 | D:2      | Reached XP level 3. HP: 29/29 MP: 3/3
   821 | D:2      | Quit the game

Illustrated notes

Levels and vault maps discovered:
D:1:      dpeg_arrival_stonehenge_12_columns, layout_rooms,
          hellmonk_ecumenical_altar_inner_sanctum
D:2:      layout_basic, kennysheep_generic_room_9, uniq_sigmund, uniq_natasha,
          uniq_robin

Skill      XL: |  1  2 |
---------------+-------+-----
Axes           | 3 4 |  4.1
Fighting       | |  3.0
Armour         | |  0.1
Dodging        | |  2.6
Stealth        | |  1.7

Action                   || total
-------------------------++-------
Melee: Hand axe          ||    54
       Punch             ||     1
       Kick              ||     3
  Use: Scroll            ||     3
 Stab: Sleeping          ||     1
Armor: Chain mail        ||    19
       Robe              ||     1
Dodge: Dodged            ||    30

Table legend: (Time is in decaauts)
 A = Elapsed time spent in this place.
 B = Non-inter-level travel time spent in this place.
 C = Inter-level travel time spent in this place.
 D = Time resting spent in this place.
 E = Time spent auto-exploring this place.
 F = Levels seen in this place.
 G = Mean time per level.
                   A        B        C        D        E       F      G
               +--------+--------+--------+--------+--------+-----+--------+
         Total |    833 |    818 |     15 |      0 |    589 |   2 |  416.5 |
       Dungeon |    833 |    818 |     15 |      0 |    589 |   2 |  416.5 |
               +--------+--------+--------+--------+--------+-----+--------+

Top non-repeatable levels by time:
     D:1: 486 daAuts
     D:2: 346 daAuts
